Map: Ulrena

Players

Tygo - Winner!

  • Race: Terran Terran
  • League: Master

StayCool

  • Race: Zerg Zerg
  • League: Master

VOD

Have the link to the VOD?

Description

custom game practice between 2 NA masters league players

Time

  • Played on: March 18, 2016, 12:59 a.m.
  • Length: 11:54
Show
View Real Time Build Order
Export as new Build Order

Tygo Terran - Winner!

Build Orders: Reaper Expand, MMM Bio 

Get SALT Encoding   

  12  0:00  SCV  
  13  0:12  SCV  
  14  0:17  Supply Depot  
  14  0:25  SCV  
  15  0:39  SCV  
  15  0:40  Barracks  
  16  0:45  Refinery  
  16  0:51  SCV  
  17  1:03  SCV  
  18  1:15  SCV  
  19  1:28  Reaper  
  19  1:29  Orbital Command  
  20  1:43  Command Center  
  20  1:50  Supply Depot  
  20  1:54  SCV  
  20  2:00  Marine  
  22  2:06  SCV  
  23  2:10  Factory  
  23  2:18  SCV  
  23  2:19  Marine  
  25  2:30  SCV  
  26  2:37  Marine  
  26  2:40  Refinery  
  26  2:43  SCV  
  28  2:55  SCV  
  29  3:01  Orbital Command  
  29  3:04  Factory Reactor, Marine  
  30  3:11  Supply Depot  
  30  3:13  SCV  
  31  3:22  Marine  
  31  3:25  SCV  
  33  3:27  SCV  
  34  3:37  SCV  
  34  3:40  SCV  
  35  3:45  Widow Mine x2  
  35  3:48  Bunker  
  39  3:50  Barracks x2, Marine  
  39  3:51  SCV  
  39  3:52  SCV  
  42  4:05  SCV x2  
  44  4:12  Marine  
  45  4:17  SCV  
  45  4:22  Starport  
  44  4:32  Marine  
  44  4:36  Marine  
  44  4:45  Marine  
  44  4:46  Widow Mine x2  
  44  4:50  Marine  
  44  4:51  SCV x2  
  44  4:52  Bunker  
  51  4:54  Marine  
  52  5:03  SCV x2  
  54  5:07  Supply Depot  
  54  5:08  Supply Depot  
  54  5:11  Command Center  
  54  5:12  Barracks Reactor, Barracks Tech Lab  
  54  5:13  Viking  
  56  5:18  SCV x2  
  58  5:30  SCV x2  
  58  5:31  Marine  
  58  5:33  Stimpack  
  61  5:42  SCV  
  62  5:47  Barracks x2  
  62  5:50  SCV  
  62  5:54  SCV  
  64  5:57  Marine  
  64  5:58  Starport Reactor, Marine x2  
  64  6:01  Engineering Bay x2  
  64  6:03  SCV  
  69  6:06  SCV  
  69  6:07  Widow Mine x2  
  73  6:11  Barracks Reactor  
  73  6:16  SCV  
  74  6:18  Marine, SCV  
  74  6:19  Marine x2  
  78  6:28  SCV  
  78  6:30  SCV  
  80  6:34  Missile Turret  
  80  6:36  Marine  
  80  6:37  Missile Turret  
  81  6:40  SCV  
  81  6:41  Missile Turret  
  81  6:43  SCV  
  81  6:45  Missile Turret x2  
  83  6:47  Refinery  
  83  6:48  Refinery  
  83  6:52  SCV  
  84  6:55  SCV  
  84  7:00  Orbital Command  
  85  7:03  Missile Turret  
  85  7:04  Missile Turret, Marine, SCV  
  85  7:05  Marine x3  
  85  7:06  Barracks Reactor x2  
  85  7:07  SCV  
  91  7:13  Terran Infantry Weapons Level 1, Terran Infantry Armor Level 1  
  91  7:15  Medivac  
  93  7:35  Supply Depot x2  
  93  7:39  Supply Depot  
  93  7:51  Marine x6  
  93  7:52  SCV x2, Medivac x2  
  105  7:58  SCV  
  105  8:03  Refinery  
  105  8:04  SCV x2  
  105  8:05  Barracks x2  
  108  8:11  SCV  
  109  8:16  Combat Shields, SCV  
  109  8:17  Marine x7  
  109  8:18  Marine x2  
  119  8:25  Missile Turret x2  
  119  8:27  Missile Turret  
  119  8:31  SCV x3  
  122  8:34  Marine  
  122  8:35  Command Center, Marine  
  122  8:36  Supply Depot  
  122  8:37  Supply Depot  
  122  8:38  Supply Depot  
  124  8:43  SCV x2  
  116  8:59  Marine  
  116  9:00  Marine x7  
  122  9:09  Widow Mine x2  
  121  9:10  Medivac x2  
  129  9:17  Marine x3  
  129  9:19  Barracks Reactor x2, Marine x2  
  129  9:20  Marine x2  
  129  9:29  Marine  
  129  9:30  Marine  
  131  9:35  Marine x2  
  123  9:41  Marine x5  
  116  9:47  Marine x2  
  112  9:53  Marine x2  
  112  9:55  Marine x4  
  112  9:58  Marine  
  112  9:59  Marine x3  
  121  10:12  Marine x5, Armory  
  121  10:13  Widow Mine x2, Medivac  
  121  10:14  Medivac  
  134  10:19  Marine  
  134  10:20  Marine x7  
  142  10:30  Marine x3  
  142  10:33  Marine x2  
  147  10:37  Marine x2  
  147  10:38  Marine x6  
  152  10:52  Marine  
  152  10:53  Marine x4  
  152  10:55  Marine x2  
  158  10:58  Marine x3  
  158  10:59  Marine  
  152  11:22  Marine x5  
  152  11:23  Widow Mine x2, Marine x7  
Show
View Real Time Build Order
Export as new Build Order

StayCool Zerg 

Build Orders: Pool First, Muta Ling Bane 

Get SALT Encoding   

  12  0:00  Drone  
  13  0:12  Overlord  
  13  0:19  Drone  
  14  0:31  Drone x2  
  16  0:39  Drone  
  17  0:46  Spawning Pool  
  17  0:49  Drone  
  17  0:56  Drone  
  18  1:18  Hatchery  
  17  1:21  Drone  
  17  1:23  Extractor  
  17  1:25  Drone  
  18  1:35  Drone  
  18  1:36  Queen  
  21  1:45  Overlord  
  21  2:07  Roach Warren  
  20  2:09  Drone  
  21  2:33  Queen  
  21  2:36  Drone x2  
  25  2:40  Queen  
  27  2:45  Evolution Chamber  
  27  2:48  Roach x3  
  32  3:02  Drone x4  
  36  3:06  Overlord  
  36  3:16  Pneumatized Carapace  
  36  3:30  Drone x5  
  41  3:43  Drone x2  
  41  3:44  Drone  
  44  3:56  Overlord  
  44  4:01  Extractor  
  43  4:03  Extractor, Lair  
  43  4:04  Baneling Nest, Extractor  
  40  4:11  Hatchery  
  40  4:16  Drone x2  
  40  4:17  Drone  
  42  4:18  Drone  
  38  4:45  Drone  
  38  4:46  Drone x2  
  38  4:47  Drone x3  
  38  4:51  Drone  
  38  4:52  Drone x3  
  47  5:06  Drone  
  47  5:07  Spire, Overlord  
  47  5:15  Centrifical Hooks  
  47  5:18  Drone  
  47  5:19  Drone x2  
  50  5:29  Drone x2  
  50  5:31  Queen  
  50  5:32  Drone x4  
  50  5:34  Overlord  
  58  5:36  Zerg Melee Weapons Level 1  
  58  5:45  Overseer  
  58  5:47  Overseer  
  58  5:52  Zergling x14  
  65  6:07  Zergling x2  
  65  6:09  Overlord x2  
  65  6:10  Overlord x2  
  65  6:11  Baneling x4  
  66  6:12  Metabolic Boost  
  66  6:18  Overlord x2  
  66  6:42  Drone x2  
  66  6:43  Drone x3  
  66  6:44  Mutalisk x4  
  66  6:45  Mutalisk  
  81  7:04  Evolution Chamber, Drone  
  81  7:05  Infestation Pit  
  81  7:06  Drone x7  
  81  7:07  Hatchery  
  86  7:12  Zergling x2  
  86  7:13  Zergling x6  
  90  7:17  Baneling  
  90  7:18  Baneling x3  
  86  7:28  Mutalisk x4  
  92  7:40  Extractor  
  92  7:41  Extractor  
  88  7:51  Hive  
  88  7:53  Drone x5  
  88  7:54  Drone x2  
  88  7:55  Zergling x14  
  88  7:56  Zergling x6  
  105  8:15  Burrow, Zergling x2  
  105  8:17  Overlord x4  
  105  8:18  Overlord  
  105  8:19  Baneling x9  
  106  8:31  Queen  
  106  8:32  Overlord x2  
  108  8:35  Zerg Ground Armor Level 1, Zerg Melee Weapons Level 2  
  108  8:44  Zergling x24  
  120  8:55  Extractor  
  107  8:58  Extractor  
  95  9:06  Zergling x2, Ultralisk Cavern  
  95  9:07  Zergling x28  
  99  9:10  Baneling x4  
  99  9:18  Zergling x8  
  98  9:27  Baneling x6  
  98  9:28  Zergling x14  
  82  9:41  Zergling x2  
  82  9:42  Zergling x16  
  69  10:18  Overseer  
  64  10:21  Queen  
  64  10:22  Chitinous Plating  
  64  10:27  Ultralisk x3  
  84  10:29  Baneling x6  
  84  10:34  Zergling x2  
  84  10:35  Zergling x10  
  90  10:41  Zergling x6  
  90  10:42  Zergling x4  
  91  10:52  Zergling x14  
  93  10:57  Baneling  
  93  10:58  Baneling x2  
  91  11:04  Zergling x12  
  93  11:18  Zergling x20  
  73  11:28  Baneling x3  
  73  11:29  Baneling  
Tags
 
Add a new tag
Caveats
  • Supply blocks, unpowered buildings, or Contaminate may cause inaccurate times.
  • Supply counts are checked every 10 seconds.